CALGARY Flames vs MINNESOTA Wild

Created - 3 mars 2024 at 14:48

Goals
1 2 3 T
CALGARY Flames 0 1 0 1
MINNESOTA Wild 2 1 0 3
Shots
1 2 3 T
CALGARY Flames 2 8 9 19
MINNESOTA Wild 16 13 4 33

1st period

1. MINNESOTA Wild , Tyler Toffoli 14 (Alex Pietrangelo 24, Nikita Kucherov 21) at 8:43 (PP)
2. MINNESOTA Wild , Nikita Kucherov 9 (J.T. Miller 28) at 13:52 (PP)

Penalties :
A.J. Greer (CGY) for High sticking (Minor) at 7:45, Josh Brown (CGY) for Tripping (Minor) at 10:47, Michael Rasmussen (CGY) for Hooking (Minor) at 13:50, Josh Brown (CGY) for Hooking (Minor) at 14:23, Keegan Kolesar (CGY) for Delaying the game (Minor) at 17:02

2nd period

3. MINNESOTA Wild , Morgan Rielly 3 (Alexandre Carrier 16, Ilya Samsonov) at 2:34 (PP)
4. CALGARY Flames , Darnell Nurse 11 (Lawson Crouse 10, Charlie Coyle 25) at 13:17 (PP)

Penalties :
Charlie McAvoy (CGY) for Roughing (Minor) at 2:18, Charlie McAvoy (CGY) for Slashing (Minor) at 4:04, Johnathan Kovacevic (CGY) for Slashing (Minor) at 7:41, Zach Werenski (MIN) for Slashing (Minor) at 11:58, Quinn Hughes (CGY) for High sticking (Minor) at 17:11, Robert Thomas (MIN) for Roughing (Minor) at 18:14

3rd period

No Goal

Penalties :
Mattias Ekholm (MIN) for Tripping (Minor) at 0:30, Lawson Crouse (CGY) for Interference (Minor) at 4:25, Mattias Ekholm (MIN) for Holding (Minor) at 11:06, Alexandre Carrier (MIN) for Interference (Minor) at 18:47

Goalie Stats

Stuart Skinner (CGY), 30 saves from 33 shots - (0,909), L, 15-8-2, 60:00 minutes
Ilya Samsonov (MIN), 18 saves from 19 shots - (0,947), W, 20-14-2, 60:00 minutes

Players Stats for CALGARY Flames

Player Name              G  A  P  +/- PIM S  H  SB GA TA FO     MP     PP MP  PK MP  
------------------------------------------------------------------------------------
A.J. Greer               0  0  0   0  2   0  1  0  0  0  0/0     9:16   0:00   0:03 
Alex Newhook             0  0  0   0  0   3  0  1  0  0  0/1    12:54   2:06   0:00 
Alexei Toropchenko       0  0  0   0  0   1  0  0  0  0  1/1     9:14   0:00   0:00 
Boone Jenner             0  0  0   0  0   1  1  0  0  0  11/19  16:47   3:48   1:42 
Charlie Coyle            0  1  1   0  0   4  0  0  0  0  15/23  22:06   4:22   7:08 
Charlie McAvoy           0  0  0   0  4   1  5  1  0  0  0/0    25:27   4:23   6:18 
Cole Perfetti            0  0  0   0  0   0  0  0  0  0  0/0    11:13   1:04   0:00 
Daniel Sprong            0  0  0   0  0   1  1  0  0  0  0/0    13:25   2:49   0:00 
Darnell Nurse            1  0  1   0  0   3  0  1  0  0  0/0    20:30   3:09   7:24 
Jamie Oleksiak           0  0  0   0  0   1  1  1  0  0  0/0    20:44   3:09   7:09 
Johnathan Kovacevic      0  0  0   0  2   1  3  1  0  0  0/0    15:30   0:00   1:34 
Josh Brown               0  0  0   0  4   0  1  0  0  0  0/0    13:28   0:00   0:00 
Keegan Kolesar           0  0  0   0  2   0  4  0  0  0  1/1    13:21   0:00   6:14 
Lawson Crouse            0  1  1   0  2   0  2  0  0  0  1/3    21:18   3:48   6:14 
Michael Rasmussen        0  0  0   0  2   0  1  1  0  0  16/31  17:56   3:44   7:05 
Philipp Kurashev         0  0  0   0  0   0  0  0  0  0  0/1     8:03   0:55   0:00 
Quinn Hughes             0  0  0   0  2   2  2  2  0  0  0/0    24:15   4:23   6:01 
Ty Dellandrea            0  0  0   0  0   1  1  0  0  0  2/4     9:14   0:00   0:00 

Players Stats for MINNESOTA Wild

Player Name              G  A  P  +/- PIM S  H  SB GA TA FO     MP     PP MP  PK MP  
------------------------------------------------------------------------------------
Alex Pietrangelo         0  1  1   0  0   7  3  2  0  0  0/0    25:56   6:59   4:28 
Alexandre Carrier        0  1  1   0  2   0  0  2  0  0  0/0    22:50   7:14   2:35 
Anton Lundell            0  0  0   0  0   0  0  0  0  0  3/7     4:56   0:00   1:44 
Caleb Jones              0  0  0   0  0   0  2  0  0  0  0/0    12:58   0:00   2:14 
Denis Malgin             0  0  0   0  0   0  0  0  0  0  0/0     3:12   0:00   0:00 
J.T. Miller              0  1  1   0  0   5  1  0  0  0  14/33  26:08   7:30   5:07 
Kevin Fiala              0  0  0   0  0   1  1  0  0  0  1/1    19:48   6:43   0:00 
Martin Necas             0  0  0   0  0   4  2  0  0  0  0/3    19:23   6:43   0:00 
Mathieu Joseph           0  0  0   0  0   1  1  0  0  0  0/0     3:12   0:00   0:00 
Mattias Ekholm           0  0  0   0  4   2  4  0  0  0  0/0    23:40   6:59   2:14 
Morgan Rielly            1  0  1   0  0   2  0  0  0  0  0/0    23:20   7:14   3:04 
Nikita Kucherov          1  1  2   0  0   4  0  0  0  0  0/1    21:01   7:30   0:00 
Robert Thomas            0  0  0   0  2   1  0  0  0  0  12/23  21:06   6:42   1:44 
Taylor Hall              0  0  0   0  0   1  0  0  0  0  0/1     8:27   0:00   0:00 
Trevor Moore             0  0  0   0  0   1  0  0  0  0  1/2     9:52   0:00   1:00 
Tyler Toffoli            1  0  1   0  0   3  2  0  0  0  1/1    20:30   7:30   0:00 
Yanni Gourde             0  0  0   0  0   1  4  0  0  0  5/12   13:56   0:00   5:29 
Zach Werenski            0  0  0   0  2   0  1  0  0  0  0/0    11:12   0:00   0:29 

3 Stars

1 - Nikita Kucherov (MIN)
2 - Tyler Toffoli (MIN)
3 - Morgan Rielly (MIN)

Power Play

CALGARY Flames - 1 on 5 Attempt(s) - 20,00%
MINNESOTA Wild - 3 on 10 Attempt(s) - 30,00%

Penalty Kill

CALGARY Flames - 7 on 10 Attempt(s) - 70,00% - Score 0 goal in Penalty Kill
MINNESOTA Wild - 4 on 5 Attempt(s) - 80,00% - Score 0 goal in Penalty Kill

Team Stat

CALGARY Flames - Hits : 23 - Faceoff Wins : 47 - Blocked Shots : 8 - Penalty Minutes : 20
MINNESOTA Wild - Hits : 21 - Faceoff Wins : 37 - Blocked Shots : 4 - Penalty Minutes : 10

Official

Referees : Shauna Neary and Jacqueline Howard
Linesman : Devin Berg and Ryan Galloway

Game Notes

No Game Note

Finance

Level 1 -- Attendance: 5031 (77,40%) -- Ticket Income $513,162
Level 2 -- Attendance: 4152 (69,20%) -- Ticket Income $253,272
Level 3 -- Attendance: 1938 (64,60%) -- Ticket Income $65,892
Level 4 -- Attendance: 2962 (74,05%) -- Ticket Income $74,050
Luxury Box -- Attendance: 814 (81,40%) -- Ticket Income $167,684
Game was played at the Xcel Energy Center.
Total Attendance: 14897 (72,67%)
Total Ticket Income: $1,074,060
Other Income: $268,515
Total Income: $1,342,575

CALGARY Flames

5 vs 5 Forward 
   Center                   Left Wing                Right Wing               Time % Phy DF OF 
 1 Boone Jenner             Alex Newhook             Lawson Crouse            30     2   1  2  
 2 Charlie Coyle            Cole Perfetti            Daniel Sprong            30     1   1  3  
 3 Michael Rasmussen        Philipp Kurashev         Keegan Kolesar           25     2   1  2  
 4 Ty Dellandrea            Alexei Toropchenko       A.J. Greer               15     2   1  2  

5 vs 5 Defense 
   Defense                  Defense                                           Time % Phy DF OF 
 1 Quinn Hughes             Charlie McAvoy                                    40     1   2  2  
 2 Darnell Nurse            Jamie Oleksiak                                    30     2   2  1  
 3 Johnathan Kovacevic      Josh Brown                                        25     3   2  0  
 4 Darnell Nurse            Jamie Oleksiak                                    5      2   2  1  

PowerPlay Forward 
   Center                   Left Wing                Right Wing               Time % Phy DF OF 
 1 Boone Jenner             Lawson Crouse            Charlie Coyle            55     1   0  4  
 2 Michael Rasmussen        Alex Newhook             Daniel Sprong            45     1   0  4  

PowerPlay Defense
   Defense                  Defense                                           Time % Phy DF OF 
 1 Quinn Hughes             Charlie McAvoy                                    60     1   2  2  
 2 Darnell Nurse            Jamie Oleksiak                                    40     1   2  2  

Penalty Kill 4 Players Forward 
   Center                   Wing                     Time % Phy DF OF 
 1 Charlie Coyle            Lawson Crouse            50     1   3  1  
 2 Michael Rasmussen        Keegan Kolesar           50     2   3  0  

Penalty Kill 4 Players Defense
   Defense                  Defense                  Time % Phy DF OF 
 1 Darnell Nurse            Charlie McAvoy           60     1   2  2  
 2 Quinn Hughes             Jamie Oleksiak           40     1   2  2  

Penalty Kill - 3 Players Forward 
   Forward                                           Time % Phy DF OF 
 1 Charlie Coyle                                     50     1   4  0  
 2 Michael Rasmussen                                 50     1   4  0  

Penalty Kill - 3 Players Defense
   Defense                  Defense                  Time % Phy DF OF 
 1 Darnell Nurse            Charlie McAvoy           60     1   2  2  
 2 Quinn Hughes             Jamie Oleksiak           40     1   2  2  

4 vs 4 Forward 
   Center                   Wing                     Time % Phy DF OF 
 1 Boone Jenner             Lawson Crouse            50     2   1  2  
 2 Charlie Coyle            Daniel Sprong            50     1   1  3  

4 vs 4 Defense
   Defense                  Defense                  Time % Phy DF OF 
 1 Quinn Hughes             Charlie McAvoy           55     1   2  2  
 2 Darnell Nurse            Jamie Oleksiak           45     1   2  2  

Last Minutes Offensive
   Center                   Left Wing                Right Wing               Defense                  Defense                  
   Boone Jenner             Lawson Crouse            Charlie Coyle            Quinn Hughes             Charlie McAvoy           

Last Minutes Defensive
   Center                   Left Wing                Right Wing               Defense                  Defense                  
   Charlie Coyle            Michael Rasmussen        Lawson Crouse            Darnell Nurse            Charlie McAvoy           

Goaltenders
Starting : Stuart Skinner           
Backup : Jacob Markstrom          

Extra Forwards
Normal : Charlie Coyle, Boone Jenner, Michael Rasmussen - PP : Cole Perfetti, Michael Rasmussen - PK : Boone Jenner
Extra Defensemen
Normal : Jamie Oleksiak, Johnathan Kovacevic, Josh Brown - PP : Jamie Oleksiak - PK : Jamie Oleksiak, Johnathan Kovacevic
Penalty Shots
Alex Newhook, Boone Jenner, Quinn Hughes, Charlie McAvoy, Daniel Sprong

Scratches
Jacob Bryson (Healthy), Jake Muzzin (Healthy)

MINNESOTA Wild

5 vs 5 Forward 
   Center                   Left Wing                Right Wing               Time % Phy DF OF 
 1 J.T. Miller              Tyler Toffoli            Nikita Kucherov          40     1   2  2  
 2 Robert Thomas            Kevin Fiala              Martin Necas             32     1   2  2  
 3 Yanni Gourde             Taylor Hall              Trevor Moore             20     1   2  2  
 4 Anton Lundell            Mathieu Joseph           Denis Malgin             8      1   3  1  

5 vs 5 Defense 
   Defense                  Defense                                           Time % Phy DF OF 
 1 Alex Pietrangelo         Mattias Ekholm                                    40     1   2  2  
 2 Morgan Rielly            Alexandre Carrier                                 32     1   3  1  
 3 Zach Werenski            Caleb Jones                                       20     1   3  1  
 4 Alex Pietrangelo         Mattias Ekholm                                    8      1   2  2  

PowerPlay Forward 
   Center                   Left Wing                Right Wing               Time % Phy DF OF 
 1 J.T. Miller              Tyler Toffoli            Nikita Kucherov          60     1   1  3  
 2 Robert Thomas            Kevin Fiala              Martin Necas             40     1   1  3  

PowerPlay Defense
   Defense                  Defense                                           Time % Phy DF OF 
 1 Alex Pietrangelo         Mattias Ekholm                                    60     1   2  2  
 2 Morgan Rielly            Alexandre Carrier                                 40     1   2  2  

Penalty Kill 4 Players Forward 
   Center                   Wing                     Time % Phy DF OF 
 1 J.T. Miller              Yanni Gourde             60     1   3  1  
 2 Anton Lundell            Robert Thomas            40     1   3  1  

Penalty Kill 4 Players Defense
   Defense                  Defense                  Time % Phy DF OF 
 1 Alex Pietrangelo         Mattias Ekholm           60     1   3  1  
 2 Morgan Rielly            Alexandre Carrier        40     1   3  1  

Penalty Kill - 3 Players Forward 
   Forward                                           Time % Phy DF OF 
 1 J.T. Miller                                       60     1   3  1  
 2 Yanni Gourde                                      40     1   3  1  

Penalty Kill - 3 Players Defense
   Defense                  Defense                  Time % Phy DF OF 
 1 Alex Pietrangelo         Mattias Ekholm           60     1   3  1  
 2 Morgan Rielly            Alexandre Carrier        40     1   3  1  

4 vs 4 Forward 
   Center                   Wing                     Time % Phy DF OF 
 1 J.T. Miller              Nikita Kucherov          60     1   2  2  
 2 Robert Thomas            Kevin Fiala              40     1   2  2  

4 vs 4 Defense
   Defense                  Defense                  Time % Phy DF OF 
 1 Alex Pietrangelo         Mattias Ekholm           60     1   2  2  
 2 Morgan Rielly            Alexandre Carrier        40     1   2  2  

Last Minutes Offensive
   Center                   Left Wing                Right Wing               Defense                  Defense                  
   J.T. Miller              Tyler Toffoli            Nikita Kucherov          Alex Pietrangelo         Mattias Ekholm           

Last Minutes Defensive
   Center                   Left Wing                Right Wing               Defense                  Defense                  
   J.T. Miller              Yanni Gourde             Robert Thomas            Alex Pietrangelo         Mattias Ekholm           

Goaltenders
Starting : Ilya Samsonov            
Backup : Jack Campbell            

Extra Forwards
Normal : Trevor Moore, Anton Lundell, Mathieu Joseph - PP : Taylor Hall, Yanni Gourde - PK : Trevor Moore
Extra Defensemen
Normal : Zach Werenski, Caleb Jones, Alexandre Carrier - PP : Zach Werenski - PK : Caleb Jones, Zach Werenski
Penalty Shots
Nikita Kucherov, Tyler Toffoli, J.T. Miller, Kevin Fiala, Martin Necas

Scratches
None


% Time on Ice - CALGARY Flames

Lines # - Real PCT - Wanted PCT - Time Play
Normal Forward
1 - 29% - 30% - 10:48
2 - 27% - 30% - 10:09
3 - 19% - 25% - 7:08
4 - 25% - 15% - 9:14
Normal Defense
1 - 37% - 40% - 13:52
2 - 24% - 30% - 8:54
3 - 36% - 25% - 13:30
4 - 3% - 5% - 1:03
PP Forward
1 - 63% - 55% - 4:43
2 - 37% - 45% - 2:49
PP Defense
1 - 58% - 60% - 4:23
2 - 42% - 40% - 3:09
PK Forward
1 - 50% - 50% - 7:08
2 - 50% - 50% - 7:05
PK Defense
1 - 53% - 60% - 7:29
2 - 47% - 40% - 6:44
PK3 Forward
1 - 0% - 50%
2 - 0% - 50%
PK3 Defense
1 - 0% - 60%
2 - 0% - 40%
44 Forward
1 - 52% - 50% - 0:29
2 - 48% - 50% - 0:27
44 Defense
1 - 100% - 55% - 0:56
2 - 0% - 45% - 0:00
Last Minute Offensive  - 0:00
Last Minute Defensive  - 0:00
Total
Forward - 60:00
Defense - 60:00

% Time on Ice - MINNESOTA Wild

Lines # - Real PCT - Wanted PCT - Time Play
Normal Forward
1 - 35% - 40% - 13:00
2 - 34% - 32% - 12:40
3 - 23% - 20% - 8:27
4 - 9% - 8% - 3:12
Normal Defense
1 - 35% - 40% - 13:01
2 - 34% - 32% - 12:37
3 - 29% - 20% - 10:44
4 - 3% - 8% - 0:57
PP Forward
1 - 53% - 60% - 7:30
2 - 47% - 40% - 6:43
PP Defense
1 - 49% - 60% - 6:59
2 - 51% - 40% - 7:14
PK Forward
1 - 77% - 60% - 5:48
2 - 23% - 40% - 1:44
PK Defense
1 - 59% - 60% - 4:28
2 - 41% - 40% - 3:04
PK3 Forward
1 - 0% - 60%
2 - 0% - 40%
PK3 Defense
1 - 0% - 60%
2 - 0% - 40%
44 Forward
1 - 55% - 60% - 0:31
2 - 45% - 40% - 0:25
44 Defense
1 - 55% - 60% - 0:31
2 - 45% - 40% - 0:25
Last Minute Offensive  - 0:00
Last Minute Defensive  - 0:00
Total
Forward - 60:00
Defense - 60:00

Play-by-Play

1st period


0:01 of 1st period - Lawson Crouse wins face-off versus J.T. Miller in neutral zone.
0:45 of 1st period - J.T. Miller is hit by Charlie McAvoy.
1:30 of 1st period - Icing by Morgan Rielly.
1:31 of 1st period - Michael Rasmussen wins face-off versus Robert Thomas in MINNESOTA Wild zone.
1:32 of 1st period - Shot by Keegan Kolesar.
1:32 of 1st period - Shot Misses the Net.
2:13 of 1st period - Shot by Michael Rasmussen.
2:13 of 1st period - Shot Misses the Net.
3:30 of 1st period - Icing by Robert Thomas.
3:31 of 1st period - Robert Thomas wins face-off versus Boone Jenner in MINNESOTA Wild zone.
3:54 of 1st period - Shot by Alex Newhook.
3:54 of 1st period - Stopped by Ilya Samsonov without a rebound.
3:55 of 1st period - J.T. Miller wins face-off versus Charlie Coyle in MINNESOTA Wild zone.
4:12 of 1st period - Cole Perfetti is hit by Alex Pietrangelo and loses puck.
4:31 of 1st period - Shot by Tyler Toffoli.
4:31 of 1st period - Stopped by Stuart Skinner without a rebound.
4:32 of 1st period - Yanni Gourde wins face-off versus Michael Rasmussen in CALGARY Flames zone.
5:10 of 1st period - Icing by Michael Rasmussen.
5:11 of 1st period - J.T. Miller wins face-off versus Michael Rasmussen in CALGARY Flames zone.
5:17 of 1st period - Philipp Kurashev is hit by J.T. Miller and loses puck.
6:03 of 1st period - Alex Newhook is hit by Mattias Ekholm and loses puck.
7:20 of 1st period - Shot by Alexei Toropchenko.
7:20 of 1st period - Shot Misses the Net.
7:22 of 1st period - Shot by Jamie Oleksiak.
7:22 of 1st period - Shot Misses the Net.
7:45 of 1st period - Minor Penalty to A.J. Greer for High sticking.
7:46 of 1st period - Michael Rasmussen wins face-off versus Martin Necas in CALGARY Flames zone.
7:46 of 1st period - Michael Rasmussen is hit by Martin Necas.
8:02 of 1st period - Shot by Robert Thomas.
8:02 of 1st period - Stopped by Stuart Skinner without a rebound.
8:03 of 1st period - Charlie Coyle wins face-off versus Robert Thomas in CALGARY Flames zone.
8:27 of 1st period - Off-side.
8:28 of 1st period - J.T. Miller wins face-off versus Michael Rasmussen in neutral zone.
8:37 of 1st period - Shot by Nikita Kucherov.
8:37 of 1st period - Shot Misses the Net.
8:39 of 1st period - Shot by Alex Pietrangelo.
8:39 of 1st period - Stopped by Stuart Skinner with a rebound.
8:41 of 1st period - Shot by Alex Pietrangelo.
8:41 of 1st period - Stopped by Stuart Skinner with a rebound.
8:43 of 1st period - Shot by Tyler Toffoli.
8:43 of 1st period - Goal by Tyler Toffoli - CALGARY Flames : 0 - MINNESOTA Wild : 1.
8:44 of 1st period - Boone Jenner wins face-off versus Yanni Gourde in neutral zone.
8:56 of 1st period - Icing by Taylor Hall.
8:57 of 1st period - Michael Rasmussen wins face-off versus Yanni Gourde in MINNESOTA Wild zone.
9:35 of 1st period - Michael Rasmussen is hit by Yanni Gourde and loses puck.
10:10 of 1st period - Shot by Nikita Kucherov.
10:10 of 1st period - Shot Misses the Net.
10:12 of 1st period - Shot by J.T. Miller.
10:12 of 1st period - Stopped by Stuart Skinner without a rebound.
10:13 of 1st period - Robert Thomas wins face-off versus Boone Jenner in CALGARY Flames zone.
10:18 of 1st period - Shot by Kevin Fiala.
10:18 of 1st period - Deflect By Martin Necas.
10:18 of 1st period - Shot Blocked by Alex Newhook.
10:23 of 1st period - Kevin Fiala is hit by Johnathan Kovacevic and loses puck.
10:27 of 1st period - Robert Thomas is hit by Johnathan Kovacevic and loses puck.
10:47 of 1st period - Minor Penalty to Josh Brown for Tripping.
10:48 of 1st period - Charlie Coyle wins face-off versus J.T. Miller in CALGARY Flames zone.
11:05 of 1st period - Icing by Mattias Ekholm.
11:06 of 1st period - Michael Rasmussen wins face-off versus J.T. Miller in MINNESOTA Wild zone.
11:17 of 1st period - Shot by J.T. Miller.
11:17 of 1st period - Stopped by Stuart Skinner with a rebound.
11:19 of 1st period - Shot by Mattias Ekholm.
11:19 of 1st period - Shot Blocked by Darnell Nurse.
11:21 of 1st period - Shot by Alex Pietrangelo.
11:21 of 1st period - Stopped by Stuart Skinner without a rebound.
11:22 of 1st period - Charlie Coyle wins face-off versus Robert Thomas in CALGARY Flames zone.
11:22 of 1st period - Charlie Coyle is hit by Kevin Fiala.
12:29 of 1st period - Shot by Charlie McAvoy.
12:29 of 1st period - Shot Misses the Net.
12:51 of 1st period - Ty Dellandrea is hit by Yanni Gourde and loses puck.
13:17 of 1st period - Icing by Zach Werenski.
13:18 of 1st period - Yanni Gourde wins face-off versus Philipp Kurashev in MINNESOTA Wild zone.
13:18 of 1st period - Yanni Gourde is hit by Keegan Kolesar.
13:46 of 1st period - Trevor Moore is hit by Keegan Kolesar and loses puck.
13:50 of 1st period - Minor Penalty to Michael Rasmussen for Hooking.
13:51 of 1st period - J.T. Miller wins face-off versus Charlie Coyle in CALGARY Flames zone.
13:52 of 1st period - Shot by Nikita Kucherov.
13:52 of 1st period - Goal by Nikita Kucherov - CALGARY Flames : 0 - MINNESOTA Wild : 2.
13:53 of 1st period - Charlie Coyle wins face-off versus J.T. Miller in neutral zone.
13:55 of 1st period - Quinn Hughes is hit by Mattias Ekholm and loses puck.
14:10 of 1st period - Shot by Nikita Kucherov.
14:10 of 1st period - Stopped by Stuart Skinner without a rebound.
14:11 of 1st period - Boone Jenner wins face-off versus Martin Necas in CALGARY Flames zone.
14:23 of 1st period - Minor Penalty to Josh Brown for Hooking.
14:24 of 1st period - J.T. Miller wins face-off versus Michael Rasmussen in CALGARY Flames zone.
16:04 of 1st period - Shot by Alexandre Carrier.
16:04 of 1st period - Shot Blocked by Quinn Hughes.
16:06 of 1st period - Shot by Alexandre Carrier.
16:06 of 1st period - Shot Misses the Net.
16:38 of 1st period - Shot by Taylor Hall.
16:38 of 1st period - Stopped by Stuart Skinner without a rebound.
16:39 of 1st period - Anton Lundell wins face-off versus Michael Rasmussen in CALGARY Flames zone.
16:46 of 1st period - Caleb Jones is hit by Michael Rasmussen and loses puck.
17:02 of 1st period - Minor Penalty to Keegan Kolesar for Delaying the game.
17:03 of 1st period - Michael Rasmussen wins face-off versus J.T. Miller in CALGARY Flames zone.
17:33 of 1st period - Shot by Alex Pietrangelo.
17:33 of 1st period - Shot Misses the Net.
17:35 of 1st period - Shot by Alex Pietrangelo.
17:35 of 1st period - Stopped by Stuart Skinner without a rebound.
17:36 of 1st period - Robert Thomas wins face-off versus Michael Rasmussen in CALGARY Flames zone.
18:11 of 1st period - Shot by Morgan Rielly.
18:11 of 1st period - Stopped by Stuart Skinner without a rebound.
18:12 of 1st period - Charlie Coyle wins face-off versus J.T. Miller in CALGARY Flames zone.
18:12 of 1st period - Charlie Coyle is hit by Tyler Toffoli.
18:24 of 1st period - Shot by Alex Pietrangelo.
18:24 of 1st period - Shot Blocked by Quinn Hughes.
18:26 of 1st period - Shot by Alex Pietrangelo.
18:26 of 1st period - Stopped by Stuart Skinner with a rebound.
18:36 of 1st period - Shot by Mattias Ekholm.
18:36 of 1st period - Stopped by Stuart Skinner with a rebound.
18:56 of 1st period - Shot by Alex Pietrangelo.
18:56 of 1st period - Shot Misses the Net.
19:03 of 1st period - Icing by Lawson Crouse.
19:04 of 1st period - Robert Thomas wins face-off versus Ty Dellandrea in CALGARY Flames zone.
19:19 of 1st period - Shot by Martin Necas.
19:19 of 1st period - Stopped by Stuart Skinner with a rebound.
19:43 of 1st period - Shot by Ty Dellandrea.
19:43 of 1st period - Stopped by Ilya Samsonov without a rebound.
19:44 of 1st period - Michael Rasmussen wins face-off versus Yanni Gourde in MINNESOTA Wild zone.
Goals for this period are 0 for CALGARY Flames vs 2 for MINNESOTA Wild.
Shots for this period are 2 for CALGARY Flames vs 16 for MINNESOTA Wild.

2nd period


0:01 of 2nd period - Charlie Coyle wins face-off versus J.T. Miller in neutral zone.
0:32 of 2nd period - Tyler Toffoli is hit by Charlie McAvoy and loses puck.
0:39 of 2nd period - Shot by J.T. Miller.
0:39 of 2nd period - Stopped by Stuart Skinner without a rebound.
0:40 of 2nd period - Kevin Fiala wins face-off versus Boone Jenner in CALGARY Flames zone.
1:24 of 2nd period - Icing by Jamie Oleksiak.
1:25 of 2nd period - J.T. Miller wins face-off versus Boone Jenner in CALGARY Flames zone.
1:30 of 2nd period - Shot by Nikita Kucherov.
1:30 of 2nd period - Stopped by Stuart Skinner without a rebound.
1:31 of 2nd period - J.T. Miller wins face-off versus Charlie Coyle in CALGARY Flames zone.
1:40 of 2nd period - Shot by J.T. Miller.
1:40 of 2nd period - Stopped by Stuart Skinner without a rebound.
1:41 of 2nd period - Tyler Toffoli wins face-off versus Michael Rasmussen in CALGARY Flames zone.
1:41 of 2nd period - Alex Pietrangelo is hit by Quinn Hughes and loses puck.
1:53 of 2nd period - Philipp Kurashev is hit by Mattias Ekholm and loses puck.
2:12 of 2nd period - Shot by J.T. Miller.
2:12 of 2nd period - Shot Misses the Net.
2:18 of 2nd period - Shot by Tyler Toffoli.
2:18 of 2nd period - Stopped by Stuart Skinner without a rebound.
2:18 of 2nd period - Minor Penalty to Charlie McAvoy for Roughing.
2:19 of 2nd period - Robert Thomas wins face-off versus Charlie Coyle in CALGARY Flames zone.
2:34 of 2nd period - Shot by Morgan Rielly.
2:34 of 2nd period - Goal by Morgan Rielly - CALGARY Flames : 0 - MINNESOTA Wild : 3.
2:35 of 2nd period - Alexei Toropchenko wins face-off versus Yanni Gourde in neutral zone.
2:44 of 2nd period - Alexei Toropchenko is hit by Zach Werenski and loses puck.
2:49 of 2nd period - Shot by Alexei Toropchenko.
2:49 of 2nd period - Stopped by Ilya Samsonov without a rebound.
2:50 of 2nd period - J.T. Miller wins face-off versus Charlie Coyle in MINNESOTA Wild zone.
4:04 of 2nd period - Minor Penalty to Charlie McAvoy for Slashing.
4:05 of 2nd period - Robert Thomas wins face-off versus Michael Rasmussen in CALGARY Flames zone.
4:05 of 2nd period - Robert Thomas is hit by Johnathan Kovacevic.
4:09 of 2nd period - Shot by Martin Necas.
4:09 of 2nd period - Deflect By Robert Thomas.
4:09 of 2nd period - Shot Blocked by Michael Rasmussen.
4:11 of 2nd period - Shot by Martin Necas.
4:11 of 2nd period - Stopped by Stuart Skinner without a rebound.
4:12 of 2nd period - Michael Rasmussen wins face-off versus Robert Thomas in CALGARY Flames zone.
4:20 of 2nd period - Icing by Morgan Rielly.
4:21 of 2nd period - Keegan Kolesar wins face-off versus Robert Thomas in MINNESOTA Wild zone.
4:51 of 2nd period - Shot by Kevin Fiala.
4:51 of 2nd period - Shot Blocked by Jamie Oleksiak.
5:37 of 2nd period - Shot by Mattias Ekholm.
5:37 of 2nd period - Stopped by Stuart Skinner without a rebound.
5:38 of 2nd period - Michael Rasmussen wins face-off versus J.T. Miller in CALGARY Flames zone.
5:53 of 2nd period - Darnell Nurse is hit by Tyler Toffoli and loses puck.
6:29 of 2nd period - Icing by Alexei Toropchenko.
6:30 of 2nd period - Ty Dellandrea wins face-off versus Robert Thomas in CALGARY Flames zone.
6:37 of 2nd period - Shot by Ty Dellandrea.
6:37 of 2nd period - Shot Misses the Net.
7:40 of 2nd period - Mattias Ekholm is hit by Josh Brown and loses puck.
7:41 of 2nd period - Minor Penalty to Johnathan Kovacevic for Slashing.
7:42 of 2nd period - J.T. Miller wins face-off versus Michael Rasmussen in CALGARY Flames zone.
7:51 of 2nd period - Shot by Mattias Ekholm.
7:51 of 2nd period - Shot Misses the Net.
8:09 of 2nd period - Shot by Nikita Kucherov.
8:09 of 2nd period - Stopped by Stuart Skinner without a rebound.
8:10 of 2nd period - Charlie Coyle wins face-off versus Robert Thomas in CALGARY Flames zone.
9:03 of 2nd period - Shot by Alex Pietrangelo.
9:03 of 2nd period - Stopped by Stuart Skinner without a rebound.
9:04 of 2nd period - Michael Rasmussen wins face-off versus J.T. Miller in CALGARY Flames zone.
9:13 of 2nd period - Shot by Mattias Ekholm.
9:13 of 2nd period - Shot Misses the Net.
9:54 of 2nd period - Shot by Yanni Gourde.
9:54 of 2nd period - Stopped by Stuart Skinner without a rebound.
9:55 of 2nd period - Robert Thomas wins face-off versus Alex Newhook in CALGARY Flames zone.
10:00 of 2nd period - Shot by Kevin Fiala.
10:00 of 2nd period - Shot Blocked by Johnathan Kovacevic.
10:32 of 2nd period - Shot by Martin Necas.
10:32 of 2nd period - Stopped by Stuart Skinner without a rebound.
10:33 of 2nd period - Charlie Coyle wins face-off versus Yanni Gourde in CALGARY Flames zone.
11:23 of 2nd period - Off-side.
11:24 of 2nd period - Boone Jenner wins face-off versus J.T. Miller in neutral zone.
11:39 of 2nd period - Icing by Jamie Oleksiak.
11:40 of 2nd period - Boone Jenner wins face-off versus Robert Thomas in CALGARY Flames zone.
11:58 of 2nd period - Minor Penalty to Zach Werenski for Slashing.
11:59 of 2nd period - Michael Rasmussen wins face-off versus J.T. Miller in MINNESOTA Wild zone.
11:59 of 2nd period - Michael Rasmussen is hit by Alex Pietrangelo.
12:11 of 2nd period - Shot by Charlie McAvoy.
12:11 of 2nd period - Shot Misses the Net.
12:13 of 2nd period - Shot by Alex Newhook.
12:13 of 2nd period - Stopped by Ilya Samsonov with a rebound.
12:15 of 2nd period - Shot by Quinn Hughes.
12:15 of 2nd period - Shot Misses the Net.
12:38 of 2nd period - Daniel Sprong is hit by Alex Pietrangelo and loses puck.
13:13 of 2nd period - Shot by Charlie Coyle.
13:13 of 2nd period - Deflect By Lawson Crouse.
13:13 of 2nd period - Shot Misses the Net.
13:15 of 2nd period - Shot by Lawson Crouse.
13:15 of 2nd period - Shot Blocked by Alexandre Carrier.
13:17 of 2nd period - Shot by Darnell Nurse.
13:17 of 2nd period - Goal by Darnell Nurse - CALGARY Flames : 1 - MINNESOTA Wild : 3.
13:18 of 2nd period - Ty Dellandrea wins face-off versus Robert Thomas in neutral zone.
13:40 of 2nd period - Shot by Martin Necas.
13:40 of 2nd period - Stopped by Stuart Skinner without a rebound.
13:41 of 2nd period - Michael Rasmussen wins face-off versus J.T. Miller in CALGARY Flames zone.
14:05 of 2nd period - Tyler Toffoli is hit by Keegan Kolesar and loses puck.
14:52 of 2nd period - Shot by Charlie Coyle.
14:52 of 2nd period - Stopped by Ilya Samsonov with a rebound.
14:54 of 2nd period - Shot by Darnell Nurse.
14:54 of 2nd period - Shot Blocked by Alexandre Carrier.
15:42 of 2nd period - Shot by Alex Newhook.
15:42 of 2nd period - Stopped by Ilya Samsonov without a rebound.
15:43 of 2nd period - Yanni Gourde wins face-off versus Ty Dellandrea in MINNESOTA Wild zone.
15:43 of 2nd period - Yanni Gourde is hit by A.J. Greer.
15:48 of 2nd period - Caleb Jones is hit by Charlie McAvoy and loses puck.
16:12 of 2nd period - Off-side.
16:13 of 2nd period - Robert Thomas wins face-off versus Boone Jenner in neutral zone.
16:24 of 2nd period - Shot by Kevin Fiala.
16:24 of 2nd period - Shot Misses the Net.
16:29 of 2nd period - Icing by Lawson Crouse.
16:30 of 2nd period - Boone Jenner wins face-off versus Anton Lundell in CALGARY Flames zone.
16:30 of 2nd period - Lawson Crouse is hit by Mathieu Joseph.
16:37 of 2nd period - Icing by Boone Jenner.
16:38 of 2nd period - Robert Thomas wins face-off versus Boone Jenner in CALGARY Flames zone.
16:59 of 2nd period - Kevin Fiala is hit by Lawson Crouse and loses puck.
17:03 of 2nd period - Icing by Alex Pietrangelo.
17:04 of 2nd period - Charlie Coyle wins face-off versus Martin Necas in MINNESOTA Wild zone.
17:10 of 2nd period - Alex Pietrangelo is hit by Charlie McAvoy and loses puck.
17:11 of 2nd period - Minor Penalty to Quinn Hughes for High sticking.
17:12 of 2nd period - Michael Rasmussen wins face-off versus J.T. Miller in CALGARY Flames zone.
18:13 of 2nd period - Charlie McAvoy is hit by Martin Necas and loses puck.
18:14 of 2nd period - Minor Penalty to Robert Thomas for Roughing.
18:15 of 2nd period - Charlie Coyle wins face-off versus J.T. Miller in MINNESOTA Wild zone.
18:16 of 2nd period - Shot by Daniel Sprong.
18:16 of 2nd period - Stopped by Ilya Samsonov without a rebound.
18:17 of 2nd period - Boone Jenner wins face-off versus J.T. Miller in MINNESOTA Wild zone.
18:45 of 2nd period - Shot by J.T. Miller.
18:45 of 2nd period - Stopped by Stuart Skinner without a rebound.
18:46 of 2nd period - Trevor Moore wins face-off versus Charlie Coyle in CALGARY Flames zone.
19:23 of 2nd period - Shot by Jamie Oleksiak.
19:23 of 2nd period - Stopped by Ilya Samsonov without a rebound.
19:24 of 2nd period - Boone Jenner wins face-off versus J.T. Miller in MINNESOTA Wild zone.
19:53 of 2nd period - Shot by Lawson Crouse.
19:53 of 2nd period - Shot Misses the Net.
19:55 of 2nd period - Shot by Charlie Coyle.
19:55 of 2nd period - Stopped by Ilya Samsonov without a rebound.
19:56 of 2nd period - Michael Rasmussen wins face-off versus Trevor Moore in MINNESOTA Wild zone.
Goals for this period are 1 for CALGARY Flames vs 1 for MINNESOTA Wild.
Shots for this period are 8 for CALGARY Flames vs 13 for MINNESOTA Wild.

3rd period


0:01 of 3rd period - Boone Jenner wins face-off versus J.T. Miller in neutral zone.
0:17 of 3rd period - Icing by Philipp Kurashev.
0:18 of 3rd period - Michael Rasmussen wins face-off versus Nikita Kucherov in CALGARY Flames zone.
0:28 of 3rd period - Michael Rasmussen is hit by Mattias Ekholm and loses puck.
0:30 of 3rd period - Minor Penalty to Mattias Ekholm for Tripping.
0:31 of 3rd period - J.T. Miller wins face-off versus Lawson Crouse in MINNESOTA Wild zone.
0:31 of 3rd period - J.T. Miller is hit by Boone Jenner.
1:06 of 3rd period - Shot by Charlie Coyle.
1:06 of 3rd period - Stopped by Ilya Samsonov with a rebound.
1:16 of 3rd period - Shot by Charlie McAvoy.
1:16 of 3rd period - Stopped by Ilya Samsonov without a rebound.
1:17 of 3rd period - Anton Lundell wins face-off versus Michael Rasmussen in MINNESOTA Wild zone.
1:38 of 3rd period - Daniel Sprong is hit by Caleb Jones and loses puck.
1:53 of 3rd period - Shot by Darnell Nurse.
1:53 of 3rd period - Stopped by Ilya Samsonov without a rebound.
1:54 of 3rd period - Boone Jenner wins face-off versus Anton Lundell in MINNESOTA Wild zone.
2:25 of 3rd period - Shot by Quinn Hughes.
2:25 of 3rd period - Stopped by Ilya Samsonov without a rebound.
2:26 of 3rd period - Michael Rasmussen wins face-off versus Anton Lundell in MINNESOTA Wild zone.
2:57 of 3rd period - Shot by Ty Dellandrea.
2:57 of 3rd period - Deflect By Alexei Toropchenko.
2:57 of 3rd period - Shot Misses the Net.
2:59 of 3rd period - Shot by Johnathan Kovacevic.
2:59 of 3rd period - Stopped by Ilya Samsonov without a rebound.
3:00 of 3rd period - Michael Rasmussen wins face-off versus Anton Lundell in MINNESOTA Wild zone.
3:35 of 3rd period - Shot by Mathieu Joseph.
3:35 of 3rd period - Stopped by Stuart Skinner without a rebound.
3:36 of 3rd period - J.T. Miller wins face-off versus Charlie Coyle in CALGARY Flames zone.
3:36 of 3rd period - Morgan Rielly is hit by Quinn Hughes and loses puck.
4:22 of 3rd period - Off-side.
4:23 of 3rd period - Robert Thomas wins face-off versus Lawson Crouse in neutral zone.
4:25 of 3rd period - Minor Penalty to Lawson Crouse for Interference.
4:26 of 3rd period - Robert Thomas wins face-off versus Michael Rasmussen in CALGARY Flames zone.
4:32 of 3rd period - Martin Necas is hit by Charlie McAvoy and loses puck.
4:37 of 3rd period - Shot by Alex Pietrangelo.
4:37 of 3rd period - Deflect By Kevin Fiala.
4:37 of 3rd period - Stopped by Stuart Skinner with a rebound.
4:45 of 3rd period - Shot by Alex Pietrangelo.
4:45 of 3rd period - Stopped by Stuart Skinner without a rebound.
4:46 of 3rd period - J.T. Miller wins face-off versus Charlie Coyle in CALGARY Flames zone.
5:12 of 3rd period - J.T. Miller is hit by Keegan Kolesar and loses puck.
5:38 of 3rd period - Off-side.
5:39 of 3rd period - Charlie Coyle wins face-off versus Robert Thomas in neutral zone.
6:17 of 3rd period - Icing by Alexandre Carrier.
6:18 of 3rd period - Robert Thomas wins face-off versus Michael Rasmussen in MINNESOTA Wild zone.
7:44 of 3rd period - Trevor Moore is hit by Ty Dellandrea and loses puck.
7:51 of 3rd period - Shot by Yanni Gourde.
7:51 of 3rd period - Shot Misses the Net.
7:53 of 3rd period - Shot by Yanni Gourde.
7:53 of 3rd period - Shot Misses the Net.
8:13 of 3rd period - Shot by Martin Necas.
8:13 of 3rd period - Shot Misses the Net.
10:16 of 3rd period - Shot by J.T. Miller.
10:16 of 3rd period - Shot Misses the Net.
10:18 of 3rd period - Shot by Nikita Kucherov.
10:18 of 3rd period - Shot Misses the Net.
10:20 of 3rd period - Shot by Tyler Toffoli.
10:20 of 3rd period - Shot Misses the Net.
10:22 of 3rd period - Shot by Zach Werenski.
10:22 of 3rd period - Shot Misses the Net.
10:34 of 3rd period - Yanni Gourde is hit by Lawson Crouse and loses puck.
10:49 of 3rd period - Shot by Trevor Moore.
10:49 of 3rd period - Shot Blocked by Charlie McAvoy.
10:51 of 3rd period - Shot by Trevor Moore.
10:51 of 3rd period - Stopped by Stuart Skinner without a rebound.
10:52 of 3rd period - Charlie Coyle wins face-off versus Robert Thomas in CALGARY Flames zone.
11:06 of 3rd period - Minor Penalty to Mattias Ekholm for Holding.
11:07 of 3rd period - Yanni Gourde wins face-off versus Michael Rasmussen in MINNESOTA Wild zone.
12:11 of 3rd period - Shot by Quinn Hughes.
12:11 of 3rd period - Stopped by Ilya Samsonov with a rebound.
12:44 of 3rd period - Off-side.
12:45 of 3rd period - Anton Lundell wins face-off versus Boone Jenner in neutral zone.
13:07 of 3rd period - Lawson Crouse is hit by Caleb Jones.
13:48 of 3rd period - Robert Thomas is hit by Jamie Oleksiak and loses puck.
15:12 of 3rd period - Off-side.
15:13 of 3rd period - Yanni Gourde wins face-off versus Michael Rasmussen in neutral zone.
15:24 of 3rd period - Keegan Kolesar is hit by Yanni Gourde and loses puck.
16:12 of 3rd period - Shot by Darnell Nurse.
16:12 of 3rd period - Shot Misses the Net.
16:55 of 3rd period - Shot by Charlie Coyle.
16:55 of 3rd period - Shot Blocked by Alex Pietrangelo.
16:57 of 3rd period - Shot by Charlie Coyle.
16:57 of 3rd period - Stopped by Ilya Samsonov without a rebound.
16:58 of 3rd period - Boone Jenner wins face-off versus J.T. Miller in MINNESOTA Wild zone.
18:31 of 3rd period - Icing by Quinn Hughes.
18:32 of 3rd period - Charlie Coyle wins face-off versus Yanni Gourde in CALGARY Flames zone.
18:34 of 3rd period - Icing by Quinn Hughes.
18:35 of 3rd period - Charlie Coyle wins face-off versus Taylor Hall in CALGARY Flames zone.
18:35 of 3rd period - Charlie Coyle is hit by Yanni Gourde.
18:38 of 3rd period - Icing by Quinn Hughes.
18:39 of 3rd period - Charlie Coyle wins face-off versus Yanni Gourde in CALGARY Flames zone.
18:47 of 3rd period - Minor Penalty to Alexandre Carrier for Interference.
18:48 of 3rd period - Boone Jenner wins face-off versus J.T. Miller in MINNESOTA Wild zone.
18:57 of 3rd period - Shot by Boone Jenner.
18:57 of 3rd period - Stopped by Ilya Samsonov without a rebound.
18:58 of 3rd period - J.T. Miller wins face-off versus Michael Rasmussen in MINNESOTA Wild zone.
18:58 of 3rd period - J.T. Miller is hit by Daniel Sprong.
19:20 of 3rd period - Shot by Darnell Nurse.
19:20 of 3rd period - Stopped by Ilya Samsonov without a rebound.
19:21 of 3rd period - J.T. Miller wins face-off versus Boone Jenner in MINNESOTA Wild zone.
19:32 of 3rd period - Shot by Quinn Hughes.
19:32 of 3rd period - Shot Blocked by Alex Pietrangelo.
Goals for this period are 0 for CALGARY Flames vs 0 for MINNESOTA Wild.
Shots for this period are 9 for CALGARY Flames vs 4 for MINNESOTA Wild. Output by the SimonT Hockey Simulator (STHS) for Martin Benoit - Original Page W3C HTML5 Valid
Hockey Simulator - Hockey Simulation - Hockey Manager